Map: Proxima Station LE

Players

DnS

  • Race: Protoss Protoss
  • Spawn Location: 7:00

LiquidSnute (Snute) - Winner!

  • Race: Zerg Zerg
  • Spawn Location: 1:00

Event: IEM XI Katowice - World Championship 2017

VOD

Have the link to the VOD?

Description

Time

  • Played on: Feb. 27, 2017, 6:35 a.m.
  • Length: 14:23

All games in this series

Show
View Real Time Build Order
Export as new Build Order

DnS Protoss 

Build Orders: 1 Gate Expand, Oracle Opening, Mass Adepts, Zealot Archon 

Get SALT Encoding   

  12  0:00  Probe (Chrono Boost)  
  13  0:11  Probe (Chrono Boost)  
  14  0:18  Pylon  
  14  0:24  Probe (Chrono Boost)  
  15  0:36  Probe (Chrono Boost)  
  15  0:39  Gateway  
  16  0:44  Assimilator  
  16  0:47  Probe (Chrono Boost)  
  17  0:57  Probe (Chrono Boost)  
  17  1:03  Gateway  
  18  1:08  Probe (Chrono Boost)  
  19  1:27  Cybernetics Core  
  19  1:39  Nexus  
  19  1:45  Pylon  
  21  2:01  Adept x2  
  21  2:05  Warp Gate, Probe (Chrono Boost)  
  24  2:10  Assimilator  
  24  2:17  Probe (Chrono Boost)  
  25  2:28  Zealot, Probe (Chrono Boost)  
  30  2:38  Probe (Chrono Boost)  
  29  2:46  Stargate  
  29  2:49  Probe (Chrono Boost)  
  31  2:51  Probe (Chrono Boost)  
  31  2:59  Probe (Chrono Boost)  
  31  3:01  Adept  
  31  3:02  Probe (Chrono Boost)  
  35  3:10  Probe (Chrono Boost)  
  35  3:12  Probe (Chrono Boost)  
  35  3:13  Adept  
  35  3:20  Probe (Chrono Boost)  
  35  3:23  Probe (Chrono Boost)  
  35  3:24  Gateway  
  35  3:25  Oracle  
  37  3:33  Probe (Chrono Boost)  
  41  3:36  Probe (Chrono Boost)  
  41  3:40  Pylon  
  42  3:43  Probe (Chrono Boost)  
  44  3:49  Probe (Chrono Boost)  
  44  3:54  Probe (Chrono Boost)  
  45  3:56  Pylon  
  45  3:58  Oracle  
  45  4:01  Probe (Chrono Boost)  
  46  4:04  Probe (Chrono Boost)  
  50  4:13  Adept, Probe (Chrono Boost)  
  50  4:15  Probe (Chrono Boost)  
  50  4:16  Adept  
  56  4:21  Adept  
  58  4:26  Probe (Chrono Boost)  
  58  4:27  Probe (Chrono Boost)  
  58  4:29  Pylon  
  60  4:36  Nexus  
  60  4:39  Probe (Chrono Boost)  
  60  4:41  Probe (Chrono Boost)  
  62  4:50  Adept x3, Probe (Chrono Boost)  
  69  5:00  Assimilator, Probe (Chrono Boost)  
  69  5:02  Pylon  
  70  5:11  Assimilator  
  70  5:12  Pylon  
  70  5:17  Pylon  
  70  5:20  Mothership Core (Chrono Boost), Probe (Chrono Boost)  
  73  5:23  Sentry x2  
  73  5:26  Pylon  
  77  5:30  Probe (Chrono Boost)  
  78  5:38  Probe (Chrono Boost)  
  78  5:41  Probe (Chrono Boost)  
  75  5:49  Probe x2 (Chrono Boost)  
  75  5:51  Probe (Chrono Boost)  
  75  5:53  Robotics Facility  
  76  5:59  Probe (Chrono Boost)  
  76  6:00  Probe (Chrono Boost)  
  76  6:02  Probe (Chrono Boost)  
  77  6:09  Twilight Council, Sentry x3  
  77  6:10  Probe x2 (Chrono Boost), Forge  
  79  6:13  Probe (Chrono Boost)  
  76  6:20  Probe (Chrono Boost)  
  76  6:21  Probe (Chrono Boost)  
  76  6:23  Probe (Chrono Boost)  
  76  6:24  Assimilator  
  76  6:25  Assimilator  
  79  6:30  Protoss Ground Weapons Level 1  
  79  6:31  Gateway, Probe x2 (Chrono Boost)  
  81  6:32  Gateway  
  81  6:33  Charge  
  81  6:34  Gateway, Probe (Chrono Boost)  
  81  6:36  Warp Prism  
  82  6:42  Probe (Chrono Boost)  
  82  6:43  Probe (Chrono Boost)  
  82  6:45  Probe (Chrono Boost)  
  89  6:54  Probe (Chrono Boost)  
  89  6:55  Probe (Chrono Boost), Templar Archives  
  89  6:58  Gateway x2  
  89  7:01  Gateway  
  89  7:04  Gateway  
  89  7:12  Pylon, Gateway  
  89  7:14  Pylon, Adept x2  
  93  7:15  Observer  
  94  7:26  Phoenix  
  96  7:30  Pylon  
  96  7:33  Pylon  
  96  7:41  High Templar x2  
  96  7:42  High Templar  
  102  7:49  Photon Cannon  
  102  7:51  Phoenix, Archon  
  104  7:52  High Templar  
  104  7:53  Zealot x4  
  104  7:56  Photon Cannon, Archon  
  104  7:57  Photon Cannon  
  114  8:00  Immortal  
  121  8:07  Probe x3 (Chrono Boost)  
  121  8:09  Pylon  
  121  8:16  Phoenix  
  121  8:19  Protoss Ground Weapons Level 2  
  122  8:26  Zealot x3  
  128  8:28  Zealot x3  
  128  8:29  Zealot x5  
  142  8:38  Pylon, Phoenix  
  142  8:46  Pylon  
  142  8:49  Nexus  
  142  8:50  Pylon  
  142  8:53  High Templar x2  
  142  8:55  High Templar x2, Pylon  
  150  8:57  Archon  
  150  8:59  Archon  
  150  9:11  Immortal  
  154  9:20  High Templar x2  
  158  9:25  Photon Cannon  
  158  9:26  Assimilator, Archon, Photon Cannon  
  158  9:28  Assimilator  
  158  9:29  Photon Cannon  
  158  9:38  High Templar x2  
  160  9:39  Zealot x4  
  170  9:47  Gateway  
  170  9:50  Gateway x2  
  170  9:55  Archon  
  170  9:58  Observer  
  168  10:00  High Templar  
  168  10:01  High Templar  
  168  10:04  Photon Cannon  
  168  10:05  Archon  
  168  10:06  Photon Cannon  
  172  10:08  Photon Cannon  
  172  10:24  High Templar x2  
  172  10:25  Zealot x3  
  182  10:29  Archon  
  162  10:45  High Templar x2  
  162  10:46  High Templar x2  
  169  10:50  Archon  
  169  10:51  Archon  
  165  10:58  Zealot x2  
  165  10:59  Zealot x8  
  185  11:19  High Templar x4  
  185  11:20  Stalker x2  
  185  11:21  Blink  
  185  11:23  Archon  
  185  11:25  Archon  
  171  11:43  Stalker  
  171  11:44  Stalker x6  
  158  11:51  Zealot  
  158  11:52  Zealot x5  
  116  12:02  Zealot  
  116  12:07  High Templar x2  
  114  12:09  Zealot, High Templar x2  
  114  12:10  Zealot x2  
  114  12:11  Archon  
  114  12:13  Zealot x2, Archon  
  114  12:14  Zealot x3  
  114  12:15  Zealot  
  98  12:32  High Templar x2  
  98  12:33  Zealot x2  
  94  12:37  Zealot x2, Archon  
  94  12:38  Zealot  
  94  12:43  High Templar x2  
  94  12:44  Zealot x3  
  110  12:47  Archon  
  110  12:52  High Templar x2  
  110  12:56  Archon  
  114  13:04  Stalker x3  
  114  13:05  Zealot x3, Stalker x3  
  124  13:06  Zealot  
  132  13:18  Zealot x2  
  136  13:22  Stalker  
  136  13:25  Zealot  
  136  13:26  Stalker  
  137  13:27  Stalker x5  
  137  13:29  Stalker  
  137  13:30  Stalker x2  
  114  13:47  Stalker x5  
  118  13:51  Zealot  
  118  13:52  Zealot  
  120  13:55  Zealot  
  106  14:08  High Templar  
  106  14:09  Zealot x3, High Templar  
  88  14:13  Archon  
  88  14:15  Zealot  
  88  14:16  Zealot  
Show
View Real Time Build Order
Export as new Build Order

LiquidSnute Zerg - Winner!

Build Orders: Hatch First 

Get SALT Encoding   

  12  0:00  Drone  
  13  0:12  Overlord  
  13  0:17  Drone  
  14  0:30  Drone x2  
  14  0:34  Drone  
  17  0:52  Hatchery  
  17  0:54  Drone  
  17  0:58  Drone  
  17  1:01  Extractor  
  17  1:14  Spawning Pool  
  17  1:16  Drone  
  17  1:20  Drone  
  18  1:27  Drone  
  19  1:38  Overlord  
  19  1:49  Drone  
  20  2:00  Drone  
  20  2:01  Metabolic Boost, Queen  
  21  2:03  Queen  
  21  2:08  Drone  
  26  2:11  Drone  
  27  2:16  Zergling x2  
  27  2:21  Zergling x2  
  29  2:25  Zergling x2  
  30  2:32  Zergling x2  
  30  2:36  Zergling x2, Queen  
  32  2:42  Overlord  
  34  2:46  Queen  
  36  3:01  Drone x3  
  36  3:05  Evolution Chamber  
  36  3:09  Drone x3  
  36  3:10  Drone  
  36  3:12  Drone x3  
  42  3:13  Drone  
  43  3:21  Overlord  
  43  3:32  Hatchery  
  42  3:36  Overlord  
  42  3:37  Drone  
  42  3:40  Drone  
  44  3:42  Drone  
  44  3:43  Drone  
  44  3:46  Drone  
  44  3:47  Drone  
  48  3:49  Drone  
  48  3:51  Drone  
  48  3:53  Drone  
  48  3:55  Drone  
  51  3:56  Zergling x2  
  51  3:58  Drone  
  53  4:03  Overlord  
  53  4:07  Drone  
  54  4:11  Spore Crawler  
  54  4:12  Drone  
  54  4:15  Spore Crawler  
  53  4:21  Hatchery  
  53  4:23  Drone x2  
  54  4:29  Drone  
  54  4:30  Drone x2  
  57  4:32  Drone x3  
  57  4:34  Drone  
  61  4:41  Spore Crawler  
  61  4:44  Queen  
  63  4:45  Drone x2  
  63  4:46  Drone x2  
  63  4:50  Lair  
  66  4:54  Baneling Nest  
  66  4:58  Roach Warren  
  66  4:59  Drone  
  65  5:04  Drone x4  
  65  5:06  Drone  
  70  5:11  Drone x2  
  70  5:12  Overlord  
  72  5:14  Overlord  
  72  5:17  Drone  
  73  5:22  Evolution Chamber  
  73  5:23  Drone  
  73  5:31  Evolution Chamber  
  73  5:32  Evolution Chamber  
  73  5:35  Zergling x20  
  80  5:41  Zergling x10  
  78  5:49  Zerg Melee Weapons Level 1  
  78  5:51  Drone x4  
  78  5:55  Drone  
  78  5:56  Drone x3  
  79  5:58  Drone x2  
  79  6:01  Drone x3  
  77  6:05  Drone x2  
  77  6:10  Drone x3  
  78  6:14  Drone  
  78  6:15  Drone  
  78  6:16  Drone x2  
  80  6:23  Spore Crawler  
  80  6:25  Drone x2  
  81  6:26  Centrifical Hooks  
  81  6:28  Extractor  
  81  6:29  Drone x4  
  81  6:30  Drone  
  85  6:33  Extractor  
  85  6:34  Extractor  
  85  6:36  Queen  
  85  6:37  Extractor x2, Drone x2  
  85  6:38  Drone  
  85  6:42  Drone x2  
  85  6:45  Overlord  
  85  6:46  Overlord  
  87  6:49  Overlord  
  87  7:05  Drone x2  
  87  7:06  Drone  
  90  7:09  Spire  
  90  7:10  Drone x7  
  96  7:19  Roach  
  96  7:20  Roach x6  
  96  7:22  Overlord x4  
  110  7:28  Zerg Ground Armor Level 1  
  110  7:32  Overlord  
  110  7:33  Overlord  
  109  7:40  Overlord x2  
  109  7:43  Zerg Melee Weapons Level 2  
  109  7:46  Drone x3  
  109  7:49  Zergling x12  
  109  7:50  Zergling x2  
  119  7:54  Zergling x2  
  119  7:55  Zergling x8  
  124  8:04  Infestation Pit  
  124  8:05  Hatchery  
  122  8:07  Drone  
  122  8:08  Extractor  
  122  8:09  Extractor  
  121  8:15  Zergling x26  
  121  8:17  Glial Reconstitution  
  131  8:30  Zergling x16  
  131  8:31  Zergling x2  
  139  8:43  Hive, Drone x2  
  139  8:44  Drone  
  142  8:51  Drone x3  
  145  8:57  Zergling x2  
  145  8:58  Zergling x16  
  154  9:09  Roach  
  162  9:10  Roach x5  
  164  9:24  Spore Crawler, Zerg Ground Armor Level 2  
  163  9:28  Zergling x22  
  163  9:30  Ravager x3  
  163  9:31  Ravager x2  
  178  9:32  Ravager x2  
  178  9:34  Overlord x3  
  181  9:43  Baneling x7  
  181  9:44  Baneling x17  
  181  9:45  Baneling  
  179  9:48  Baneling x17  
  179  9:49  Overlord x2  
  177  9:53  Zergling x16  
  177  9:54  Zergling x2  
  186  10:01  Zerg Melee Weapons Level 3, Drone x2  
  186  10:02  Adrenal Glands  
  188  10:07  Greater Spire  
  188  10:12  Baneling  
  188  10:13  Baneling x5  
  188  10:14  Zergling x10  
  188  10:15  Zergling x12  
  197  10:35  Zergling x30  
  189  10:45  Zergling x6  
  189  10:49  Roach x4  
  196  11:00  Spine Crawler  
  196  11:01  Spine Crawler  
  196  11:03  Spine Crawler x3  
  196  11:04  Spine Crawler, Corruptor x3  
  190  11:05  Corruptor x2  
  190  11:06  Spine Crawler  
  190  11:07  Spine Crawler  
  190  11:09  Spine Crawler  
  195  11:13  Baneling x11  
  195  11:17  Spine Crawler  
  192  11:19  Ravager x6  
  167  11:41  Zergling x10  
  167  11:43  Zergling x2  
  167  11:44  Zergling x34  
  178  11:48  Baneling x6  
  178  11:49  Baneling x5  
  173  11:57  Brood Lord x4  
  165  12:08  Roach x3  
  162  12:09  Roach x6  
  162  12:14  Queen  
  178  12:17  Brood Lord  
  178  12:19  Roach x2  
  183  12:28  Zergling x16  
  179  12:33  Corruptor x2  
  179  12:38  Zergling x2  
  179  12:39  Zergling x8  
  182  12:51  Baneling x12  
  177  12:52  Baneling x9  
  177  13:05  Corruptor x4  
  183  13:15  Roach x8  
  196  13:20  Roach  
  196  13:21  Roach  
  198  13:38  Zergling x10  
  198  13:39  Zergling x2  
  187  13:49  Zergling x18  
  187  13:50  Zergling x4  
  187  13:54  Brood Lord  
  188  14:04  Zergling x14  

Tags
 
Add a new tag
Caveats
  • Supply blocks, unpowered buildings, or Contaminate may cause inaccurate times.
  • Supply counts are checked every 10 seconds.